Map: Dead of Night

Players

ZPR

  • Race: Zerg Zerg
  • League: Master
  • Spawn Location: 0:00

zpr

  • Race: Terran Terran
  • Spawn Location: 0:00

VOD

Have the link to the VOD?

Description

Time

  • Played on: March 6, 2018, 9 a.m.
  • Length: 16:26
Show
View Real Time Build Order
Export as new Build Order

ZPR Zerg 

Build Orders:  

Get SALT Encoding   

  12  0:05  Drone  
  13  0:11  Drone  
  14  0:25  Overlord  
  14  1:00  Hatchery  
  14  1:04  Drone  
  14  1:10  Drone  
  14  1:16  Drone  
  16  1:22  Drone  
  16  1:26  Drone  
  18  1:33  Drone  
  18  1:39  Extractor  
  18  1:40  Extractor  
  18  1:46  Drone  
  18  1:58  Evolution Chamber  
  17  2:00  Drone  
  17  2:01  Drone  
  19  2:16  Drone  
  19  2:17  Drone  
  21  2:31  Drone  
  21  2:34  Drone  
  23  2:41  Heroic Fortitude  
  23  2:47  Spawning Pool  
  22  2:52  Drone  
  22  2:55  Drone  
  24  3:00  Drone  
  24  3:05  Zerg Melee Weapons Level 1  
  25  3:17  Lair  
  25  3:24  Overlord  
  25  3:28  Drone  
  26  3:32  Drone  
  26  3:36  Drone  
  24  3:50  Drone x2  
  28  3:55  Overlord  
  30  4:08  Zergling x4  
  32  4:26  Hive  
  32  4:27  Chain Reaction  
  32  4:30  Queen  
  32  4:37  Zergling x2  
  35  4:49  Zergling x8  
  38  4:50  Metabolic Boost  
  38  5:20  Zergling x6  
  38  5:21  Zergling x2  
  38  5:28  Adrenal Overload, Ability Efficiency  
  42  5:30  Overlord  
  42  5:36  Hatchery, Drone  
  42  5:50  Drone  
  43  6:04  Zergling x4  
  43  6:05  Zergling x2  
  43  6:06  Shredding Claws  
  43  6:09  Overlord  
  46  6:10  Zergling x2  
  46  6:11  Zergling x2  
  46  6:13  Zergling x2  
  46  6:16  Zerg Melee Weapons Level 2  
  49  6:24  Overlord  
  49  6:30  Zergling x2  
  50  6:42  Hardened Carapace  
  50  6:44  Zergling x6  
  53  6:58  Zergling x8  
  53  6:59  Zergling x4  
  59  7:07  Zergling x6  
  62  7:11  Zergling x2  
  62  7:19  Zergling x9  
  65  7:20  Zergling x7  
  65  7:21  Zergling x27  
  65  7:22  Zergling x12  
  65  7:23  Zergling x12  
  65  7:24  Zergling x27  
  65  7:25  Zergling x7  
  65  7:26  Zergling x27  
  65  7:27  Zergling x6  
  65  7:28  Zergling x8  
  65  7:29  Zergling x20  
  65  7:30  Zergling x23  
  65  7:31  Zergling x13  
  65  7:32  Zergling x26  
  65  7:33  Zergling x21  
  65  7:34  Zergling x13  
  65  7:35  Zergling x13  
  65  7:36  Zergling x22  
  65  7:37  Zergling x21  
  65  7:38  Zergling x15  
  65  7:39  Zergling x15  
  68  7:40  Zergling x26  
  68  7:41  Zergling x6  
  68  7:42  Zergling x4  
  68  7:43  Zergling x19  
  68  7:44  Zergling x10  
  68  7:45  Zergling  
  68  7:46  Zergling x8  
  68  7:48  Zergling x10  
  68  7:49  Overlord x2, Zergling x21  
  73  7:50  Zerg Melee Weapons Level 3, Zergling x28  
  73  7:51  Zergling x6  
  73  7:52  Zergling x16  
  73  7:53  Zergling x32  
  73  7:54  Zergling x17  
  73  7:55  Zergling x10  
  73  7:56  Zergling x15  
  73  7:57  Zergling x19  
  73  7:58  Zergling x5  
  73  8:00  Zergling x15  
  73  8:01  Zergling x21  
  73  8:02  Zergling x8  
  73  8:04  Zergling x6  
  73  8:05  Zergling x8  
  73  8:06  Zergling x27  
  73  8:07  Zergling x5  
  73  8:08  Zergling x11  
  73  8:09  Zergling x17  
  74  8:10  Zergling x3  
  74  8:11  Zergling x9  
  74  8:12  Zergling x11  
  74  8:13  Zergling x4  
  74  8:14  Zergling x19  
  74  8:15  Zergling x15  
  74  8:17  Zergling  
  74  8:18  Zergling x30  
  74  8:19  Zergling x8  
  73  8:20  Zergling x8  
  73  8:21  Zergling x3  
  73  8:22  Zergling x13  
  73  8:23  Zergling x19  
  73  8:24  Zergling x5  
  73  8:25  Zergling x17  
  73  8:26  Zergling x14  
  73  8:27  Zergling  
  73  8:28  Zergling  
  73  8:29  Zergling  
  79  8:30  Zergling x3  
  79  8:31  Zergling x17  
  79  8:32  Zergling x3  
  79  8:33  Zergling x17  
  79  8:34  Zergling x13  
  79  8:35  Zergling x8  
  79  8:36  Zergling x7  
  79  8:37  Zergling x13  
  79  8:38  Zergling x14  
  79  8:39  Zergling x18  
  86  8:40  Zergling x12  
  86  8:41  Zergling x6  
  86  8:42  Zergling x18  
  86  8:43  Zergling x4  
  86  8:44  Zergling x19  
  86  8:45  Zergling x10  
  86  8:46  Zergling x39  
  86  8:47  Zergling x37  
  86  8:48  Zergling x37  
  86  8:49  Zergling x6  
  86  8:50  Zergling x14  
  86  8:51  Zergling x25  
  86  8:52  Zergling x12  
  86  8:53  Zergling x8  
  86  8:54  Zergling x7  
  86  8:55  Zergling  
  86  8:57  Zergling x4  
  86  8:58  Zergling x4  
  86  8:59  Zergling  
  87  9:00  Zergling x4  
  87  9:02  Zergling x14  
  87  9:03  Zergling x2  
  87  9:04  Overlord, Zergling x7  
  87  9:05  Zergling x35  
  87  9:06  Zergling x10  
  87  9:07  Zergling x17  
  87  9:08  Zergling x19  
  87  9:09  Zergling x24  
  87  9:10  Zergling x43  
  87  9:11  Zergling x2  
  87  9:12  Zergling x40  
  87  9:13  Zergling x12  
  87  9:14  Zergling x41  
  87  9:15  Zergling x14  
  87  9:16  Zergling x24  
  87  9:17  Zergling x33  
  87  9:18  Zergling x36  
  87  9:19  Zergling x8  
  90  9:20  Zergling x16  
  90  9:21  Zergling x33  
  90  9:22  Zergling x12  
  90  9:23  Zergling x22  
  90  9:24  Zergling x21  
  90  9:25  Zergling x52  
  90  9:26  Zergling x14  
  90  9:27  Zergling x14  
  90  9:28  Zergling x12  
  90  9:29  Zergling x10  
  89  9:30  Zergling x26  
  89  9:31  Zergling x27  
  89  9:32  Zergling x10  
  89  9:33  Zergling x23  
  89  9:34  Zergling x24  
  89  9:35  Zergling x40  
  89  9:36  Zergling x17  
  89  9:37  Overlord, Zergling x39  
  89  9:38  Zergling x33  
  89  9:39  Zergling x14  
  97  9:40  Zergling x44  
  97  9:41  Zergling x29  
  97  9:42  Zergling x27  
  97  9:43  Zergling x7  
  97  9:44  Zergling x9  
  97  9:45  Zergling x9  
  97  9:46  Zergling x18  
  97  9:47  Zergling x9  
  97  9:48  Zergling x9  
  97  9:49  Zergling x5  
  96  9:50  Overlord x2, Zergling x6  
  96  9:51  Zergling x37  
  96  9:52  Zergling x12  
  96  9:53  Zergling x17  
  96  9:54  Zergling x6  
  96  9:55  Zergling x17  
  96  9:56  Zergling x23  
  96  9:57  Zergling x14, Nydus Network  
  96  9:58  Zergling x26  
  96  9:59  Zergling x28  
  61  10:00  Zergling x33  
  94  10:01  Zergling x16  
  94  10:02  Zergling x21  
  94  10:03  Zergling x12  
  94  10:04  Zergling  
  94  10:05  Zergling x4  
  94  10:06  Zergling x11  
  94  10:07  Zergling x12  
  94  10:08  Zergling x9  
  94  10:09  Zergling x4  
  93  10:10  Zergling x10  
  93  10:11  Zergling x11  
  93  10:12  Zergling x29  
  93  10:13  Zergling x12  
  93  10:14  Zergling x21  
  93  10:15  Zergling x17  
  93  10:16  Zergling x5  
  93  10:17  Zergling x17  
  93  10:18  Zergling x3  
  93  10:19  Zergling x7  
  99  10:20  Zergling x2  
  99  10:21  Zergling x7  
  99  10:22  Zergling x11  
  99  10:23  Zergling x3  
  99  10:25  Zergling x13  
  99  10:26  Zergling x7  
  99  10:27  Zergling x16  
  99  10:28  Zergling x2  
  99  10:29  Zergling x37  
  64  10:30  Zergling x9  
  101  10:31  Zergling x18  
  101  10:32  Zergling x34  
  101  10:33  Zergling x20  
  101  10:34  Zergling x12  
  101  10:35  Zergling x9  
  101  10:36  Zergling x44  
  101  10:37  Zergling x34  
  101  10:38  Zergling x35  
  101  10:39  Zergling x30  
  105  10:40  Zergling x20  
  105  10:41  Zergling x2  
  105  10:44  Zergling x17  
  105  10:45  Nydus Network, Zergling x2  
  105  10:46  Zergling x7  
  105  10:47  Zergling x30  
  105  10:48  Zergling x4  
  105  10:49  Zergling x13  
  103  10:50  Zergling x4  
  103  10:51  Zergling x3  
  103  10:54  Zergling  
  103  10:55  Zergling  
  101  11:02  Zergling x2  
  101  11:03  Zergling x10  
  101  11:04  Zergling  
  101  11:08  Zergling x16  
  101  11:09  Zergling x3  
  101  11:10  Zergling x13  
  101  11:11  Zergling x15  
  101  11:12  Zergling  
  101  11:16  Zergling x9  
  101  11:17  Zergling x6  
  101  11:18  Zergling x8  
  101  11:19  Zergling x13  
  69  11:20  Zergling x5  
  100  11:21  Omega Worm, Zergling x10  
  100  11:22  Nydus Network, Zergling x7  
  100  11:23  Zergling x12  
  100  11:24  Nydus Network, Zergling x3  
  100  11:27  Zergling x8  
  100  11:28  Zergling x8  
  100  11:29  Zergling x2  
  106  11:33  Zergling x3  
  106  11:34  Zergling x5  
  106  11:35  Zergling x7  
  106  11:36  Zergling x16  
  106  11:37  Zergling x11  
  106  11:38  Zergling x4  
  102  11:56  Omega Worm  
  101  12:00  Zergling x2  
  101  12:01  Zergling x10  
  101  12:03  Nydus Network  
  93  12:21  Zergling x2  
  93  12:22  Zergling x12  
  100  12:35  Zergling x7  
  100  12:36  Zergling x4  
  100  12:52  Zergling x2  
  100  12:53  Zergling x20  
  100  12:54  Zergling x2  
  100  12:55  Zergling x4  
  100  12:56  Zergling x6  
  100  12:58  Zergling x5  
  100  12:59  Zergling x4  
  111  13:01  Zergling x3  
  111  13:02  Zergling  
  111  13:03  Zergling x2  
  111  13:04  Zergling x7  
  111  13:05  Omega Worm, Zergling x4  
  111  13:06  Zergling x3  
  111  13:09  Zergling x3  
  110  13:10  Zergling  
  110  13:11  Omega Worm x2, Zergling  
  110  13:12  Omega Worm, Zergling  
  110  13:13  Zergling  
  110  13:14  Zergling  
  110  13:21  Zergling x2  
  110  13:22  Zergling x8  
  110  13:23  Zergling x6  
  110  13:24  Zergling x4  
  110  13:25  Zergling x3  
  110  13:27  Zergling x4  
  110  13:28  Zergling  
  116  13:31  Zergling x6  
  116  13:32  Zergling x2  
  116  13:33  Zergling x2  
  116  13:37  Zergling x4  
  116  13:38  Zergling x2  
  119  13:40  Zergling x2  
  119  13:41  Zergling x2  
  119  13:48  Zergling x2  
  116  14:00  Zergling x4  
  116  14:13  Zergling x6  
  119  14:28  Zergling x2  
  115  14:33  Zergling x8  
  115  14:36  Zergling x4  
  115  14:38  Zergling  
  118  14:40  Zergling  
  118  14:41  Zergling  
  118  14:42  Omega Worm, Zergling x14  
  118  14:43  Zergling x14  
  118  14:44  Zergling x23  
  118  14:45  Zergling x3  
  118  14:46  Zergling x15  
  118  14:47  Zergling x29  
  118  14:48  Zergling x26  
  118  14:49  Overlord x2, Zergling x19  
  90  14:50  Zergling x31  
  118  14:51  Zergling x25  
  118  14:52  Zergling x49  
  118  14:53  Zergling x39  
  118  14:54  Zergling x9  
  118  14:55  Zergling x33  
  118  14:56  Zergling x43  
  118  14:57  Zergling x31  
  118  14:58  Zergling x22  
  118  14:59  Omega Worm x2, Zergling x46  
  91  15:00  Zergling x18  
  114  15:02  Zergling x54  
  114  15:03  Zergling x25  
  114  15:04  Zergling x23  
  114  15:05  Zergling x23  
  114  15:06  Zergling x7  
  114  15:07  Zergling x39  
  114  15:08  Zergling x12  
  114  15:09  Zergling x4  
  92  15:10  Zergling x28  
  106  15:11  Zergling x8  
  106  15:12  Zergling x14  
  106  15:13  Zergling x22  
  106  15:14  Zergling x2  
  106  15:15  Zergling x5  
  106  15:16  Zergling x25  
  106  15:17  Zergling x40  
  106  15:18  Zergling x20  
  106  15:19  Zergling x18  
  101  15:20  Zergling x17  
  101  15:21  Zergling x3  
  101  15:22  Zergling x17  
  101  15:23  Zergling x15  
  101  15:24  Zergling x23  
  101  15:25  Zergling x19  
  101  15:26  Zergling x34  
  101  15:27  Zergling x5  
  101  15:29  Zergling x9  
  98  15:30  Zergling x10  
  98  15:31  Zergling x8  
  98  15:32  Zergling x26  
  98  15:33  Zergling x22  
  98  15:34  Zergling x24  
  98  15:35  Zergling x9  
  98  15:36  Zergling x22  
  98  15:37  Zergling x13  
  98  15:38  Zergling x14  
  98  15:39  Zergling x16  
  98  15:40  Zergling x12  
  98  15:41  Zergling x23  
  98  15:42  Zergling x13  
  98  15:43  Zergling x16  
  98  15:44  Zergling x29  
Show
View Real Time Build Order
Export as new Build Order

zpr Terran 

Build Orders:  

Get SALT Encoding   

Tags
 
League
Master
Matchup
Co-op
Replay Pack
Co-op Speedrun
Add a new tag
Caveats
  • Supply blocks, unpowered buildings, or Contaminate may cause inaccurate times.
  • Supply counts are checked every 10 seconds.